AoeStats
← edwradedward

Scandinavia

510380252Analyzed
1v1 RM · 3d ago on Sep 30, 2026· 30m 1s· 2 players
Game mode
Random Map
Map size
Tiny (2 player)
Population
200
Speed
Normal
Resources
Standard
Victory
Conquest
Starting age
Dark Age
Ending age
Imperial Age
RankedLock teamsTeams togetherTeam positionsShared explorationLock speedFull tech treeHidden civsTurbo modeCheats
Victory
Defeat
🇲🇽 Portuguese · Mexico
976
+16
🇲🇽 Lithuanians · Mexico
985
-16
edwradedward
10:59 Feudal Age
15:42 Castle Age
15:05 Loom
15:06 Town Watch
19:14 Double-Bit Axe
25:48 Fletching
Dsp5115
7:15 Loom
9:58 Feudal Age
15:18 Arson
15:01 Man-at-Arms
20:53 Castle Age
19:49 Padded Archer Armor
21:35 Light Cavalry
25:02 Wheelbarrow
25:40 Bloodlines
25:54 Leather Archer Armor
Connection lost

Rejoining the realm…

Still unreachable

The connection could not be restored.

Session expired

The server has moved on; the page needs a fresh start.